 Dungeon Crawl Stone Soup version 0.24.0-37-gcf1ca852f1 (webtiles) character file.

Game seed: 1654095769780422111, levelgen mode: deterministic

36 FishyPogo the Gusty (level 3, -1/28 HPs)
             Began as a Naga Air Elementalist on Nov 21, 2019.
             Slain by Terence
             ... wielding a +0 flail
              (8 damage)
             ... on level 1 of the Dungeon.
             The game lasted 00:05:42 (747 turns).

FishyPogo the Gusty (Naga Air Elementalist)          Turns: 747, Time: 00:05:42

Health: -1/28      AC:  3    Str: 10    XL:     3   Next: 37%
Magic:  3/6        EV: 10    Int: 20    God:
Gold:   19         SH:  0    Dex: 11    Spells: 3/6 levels left

rFire    . . .     SeeInvis +   d - +2 dagger (drain)
rCold    . . .     Gourm    .   (no shield)
rNeg     . . .     Faith    .   a - +0 robe
rPois    +         Spirit   .   (no helmet)
rElec    .         Reflect  .   (no cloak)
rCorr    .         Harm     .   i - +0 pair of gloves
MR       .....                  (no barding)
Stlth    ++........             (no amulet)
HPRegen  0.09/turn              k - +4 ring of intelligence
MPRegen  0.10/turn              (no ring)

@: very slow
A: large, see invisible, deformed body, poison resistance, slowness 2, slow
metabolism 1, spit poison 1, AC +1
a: Spit Poison


You were on level 1 of the Dungeon.
You were not hungry.

You visited 1 branch of the dungeon, and saw 2 of its levels.

You collected 19 gold pieces.

Inventory:

Hand Weapons
 d - a +2 dagger of draining (weapon)
Missiles
 h - 18 stones (quivered)
Armour
 a - a +0 robe (worn)
 i - a +0 pair of gloves (worn)
Jewellery
 k - a +4 ring of intelligence (left hand)
Scrolls
 g - 2 scrolls of enchant armour {unknown}
 j - a scroll of identify {unknown}
 m - a scroll of teleportation {unknown}
 n - a scroll of noise {unknown}
Potions
 b - a potion of experience {unknown}
 e - 3 potions of haste {unknown}
 l - 2 potions of heal wounds {unknown}
Comestibles
 c - 2 rations
 f - a chunk of flesh


   Skills:
 * Level 2.0 Dodging
 - Level 3.0 Stealth
 + Level 2.3 Spellcasting
 + Level 1.9 Conjurations
 * Level 3.3 Air Magic


You had 3 spell levels left.
You knew the following spells:

 Your Spells              Type           Power        Failure   Level  Hunger
a - Shock                 Conj/Air       ##..         5%          1    #......
b - Swiftness             Chrm/Air       #.......     12%         2    ##.....

Your spell library contained the following spells:

 Spells                   Type           Power        Failure   Level  Hunger
 Static Discharge         Conj/Air       ##......     16%         3    ###....
 Airstrike                Air            ###.......   36%         4    #####..
 Lightning Bolt           Conj/Air       ##........   82%         5    ######.


Dungeon Overview and Level Annotations

Branches:
Dungeon (2/15)

Altars:

Annotations:
D:1 Terence
D:2 Robin, Sigmund


Innate Abilities, Weirdness & Mutations

You cannot wear boots.
Your serpentine skin is tough. (AC +1)
You have supernaturally acute eyesight. (SInv)
Armour fits poorly on your strangely shaped body.
Your system is resistant to poisons. (rPois)
You cover ground very slowly.
You have a slow metabolism.
You can spit poison.


Message History

Casting: Shock (safe; 5% risk of failure)
Confirm with . or Enter, or press ? or * to list all spells.
Aiming: Shock (safe; 5% risk of failure)
Press: ? - help, Shift-Dir - straight line, f/p - Terence
Aim: Terence, wielding a +0 flail and wearing a +0 scale mail (moderately wounded)
The zap hits Terence.
Terence is heavily wounded.
Terence hits you with a +0 flail.
* * * LOW HITPOINT WARNING * * *
The goblin hits you but does no damage.
Casting: Shock (safe; 5% risk of failure)
Confirm with . or Enter, or press ? or * to list all spells.
Aiming: Shock (safe; 5% risk of failure)
Press: ? - help, Shift-Dir - straight line, f/p - Terence
Aim: Terence, wielding a +0 flail and wearing a +0 scale mail (heavily wounded)
The zap hits Terence but does no damage.
Terence is heavily wounded.
You have got your breath back.
Terence hits you with a +0 flail!
You die...

#......# #...............####
#......#######...#....[.#..#.##..
...###.....................#.##.#
#### #########....#....#...#.##.#
##............#....#
#....#..#....###### ###
#>...............#
##.###.@g..##....####.# #
##.#.##.@..............# ##
##.###......#..#...###### .##
##.#####............# #.##
##.####.##...#....#..#
##.###.####.#.#...........#
.##.#.####.###...#......#.#
#.##.####.## ##...........#
##.#####.## #.#####..####
##.###.## ##.# ##.##


You could see Terence and a goblin.

Vanquished Creatures
  An adder (D:2)
  An ooze (D:1)
  3 goblins (D:1)
  3 hobgoblins
  3 kobolds (D:1)
  5 bats (D:1)
  3 frilled lizards (D:1)
  5 rats (D:1)
24 creatures vanquished.

Notes
Turn   | Place    | Note
-------+----------+-------------------------------------------
     0 | D:1      | FishyPogo the Naga Air Elementalist began the quest for the
                  | Orb.
     0 | D:1      | Reached XP level 1. HP: 15/15 MP: 3/3
    90 | D:1      | Reached XP level 2. HP: 21/22 MP: 1/5
    95 | D:1      | Learned a level 2 spell: Swiftness
   481 | D:1      | Reached XP level 3. HP: 27/28 MP: 3/6
   718 | D:2      | Noticed Terence
   722 | D:2      | Noticed Sigmund
   732 | D:2      | Noticed Robin
   747 | D:1      | Slain by Terence

Levels and vault maps discovered:
D:1:      nagdon_arrival_zigzag_paths, layout_basic, chequers_avenue,
          chequers_garden, minmay_misc_feat_more_columns
D:2:      layout_basic, uniq_jessica, uniq_terence, uniq_sigmund, uniq_robin

Skill      XL: |  1  2  3 |
---------------+----------+-----
Dodging        | 2 |  2.0
Stealth        | |  3.0
Spellcasting   | |  2.3
Conjurations   | |  1.9
Air Magic      | |  3.3

Action                   || total
-------------------------++-------
Melee: Unarmed           ||     7
       Dagger            ||    18
 Cast: Shock             ||    26
 Abil: Spit Poison       ||     7
 Stab: Sleeping          ||     1
Armor: Robe              ||     4
Dodge: Dodged            ||    23
